AoeStats
← 忍者龜頭在痛

Fortress

509347339Analyzed
4v4 RM · 5d ago on Sep 26, 2026· 45m 36s· 8 players
Game mode
Random Map
Map size
Huge
Population
200
Speed
Normal
Resources
Standard
Victory
Conquest
Starting age
Dark Age
Ending age
Imperial Age
RankedLock teamsTeams togetherTeam positionsShared explorationLock speedFull tech treeHidden civsTurbo modeCheats
Victory
Defeat
🇺🇸 Romans · United States
883
+15
🇨🇳 Khmer · China
851
+16
🇮🇹 Persians · Italy
843
+17
🇩🇪 Varangians · Germany
805
+18
🇹🇼 Varangians · Taiwan
1002
-22
🇵🇰 Bohemians · Pakistan
857
-17
🇹🇼 Franks · Taiwan
825
-15
🇹🇼 Franks · Taiwan
748
-12
TocTheYoungr
2:16 Loom
9:23 Feudal Age
10:56 Double-Bit Axe
10:53 Horse Collar
13:20 Castle Age
11:33 Gold Mining
14:51 Wheelbarrow
19:36 Heavy Plow
22:46 Hand Cart
23:37 Scale Barding Armor
23:42 Forging
27:17 Imperial Age
25:12 Scale Mail Armor
26:19 Fortified Wall
26:35 Bow Saw
26:32 Man-at-Arms
27:14 Squires
28:29 Chain Mail Armor
28:50 Iron Casting
28:46 Ballistics
29:03 Town Watch
30:47 Gold Shaft Mining
29:49 Long Swordsman
31:32 Blast Furnace
30:54 Chain Barding Armor
30:25 Fletching
31:23 Crop Rotation
31:00 Legionary
33:05 Chemistry
33:50 Comitatenses
33:51 Siege Engineers
35:00 Conscription
35:00 Heavy Scorpion
35:45 Caravan
36:29 Plate Barding Armor
36:06 Ballistas
37:34 Elite Centurion
46:25 Bloodlines
46:15 Husbandry
PROtektorKaiser
2:08 Loom
7:01 Feudal Age
7:56 Double-Bit Axe
7:54 Horse Collar
12:54 Gold Mining
12:55 Stone Mining
17:22 Castle Age
17:16 Fletching
17:37 Forging
17:28 Scale Mail Armor
18:24 Bow Saw
17:46 Elite Skirmisher
20:03 Heavy Plow
22:42 Stone Shaft Mining
25:47 Squires
29:37 Iron Casting
29:19 Chain Mail Armor
33:30 Imperial Age
31:27 Bodkin Arrow
35:34 Conscription
35:30 Bracer
36:16 Padded Archer Armor
39:41 Leather Archer Armor
43:37 Plate Mail Armor
45:26 Blast Furnace
44:26 Heavy Scorpion
theskemp
7:45 Feudal Age
7:44 Loom
8:21 Horse Collar
8:29 Double-Bit Axe
17:10 Castle Age
16:00 Gold Mining
16:03 Stone Mining
18:25 Heavy Plow
18:39 Bow Saw
19:10 Gold Shaft Mining
19:10 Stone Shaft Mining
20:49 Wheelbarrow
28:44 Imperial Age
27:22 Hand Cart
29:38 Town Watch
30:16 Town Patrol
31:09 Murder Holes
30:46 Cavalier
31:27 Husbandry
32:06 Caravan
32:37 Coinage
32:08 Savar
33:59 Forging
33:49 Scale Mail Armor
33:55 Scale Barding Armor
37:38 Elite War Elephant
40:11 Banking
40:37 Iron Casting
40:17 Chain Mail Armor
40:23 Chain Barding Armor
42:25 Blast Furnace
42:52 Conscription
44:44 Plate Mail Armor
378080739
0:29 Loom
7:03 Feudal Age
10:10 Double-Bit Axe
13:14 Castle Age
12:37 Stone Mining
12:42 Gold Mining
21:45 Horse Collar
27:29 Imperial Age
26:47 Bow Saw
27:17 Gold Shaft Mining
27:34 Heavy Plow
28:19 Wheelbarrow
27:33 Elite Ballista Elephant
28:35 Conscription
29:32 Ballistics
30:13 Chemistry
29:52 Hand Cart
30:06 Double Crossbow
31:33 Fortified Wall
32:11 Siege Engineers
33:02 Tusk Swords
34:30 Elite Battle Elephant
35:11 Husbandry
35:21 Bloodlines
36:38 Caravan
39:28 Forging
39:24 Scale Barding Armor
44:13 Iron Casting
43:59 Chain Barding Armor
FLAME-99
3:51 Loom
6:15 Loom
8:07 Feudal Age
11:58 Castle Age
11:25 Double-Bit Axe
13:34 Bow Saw
13:58 Loom
17:54 Horse Collar
21:27 Wheelbarrow
22:19 Gambesons
22:34 Squires
27:59 Pikeman
31:22 Imperial Age
30:09 Scale Mail Armor
30:19 Forging
31:18 Gold Mining
31:19 Stone Mining
31:34 Heavy Plow
33:13 Chemistry
33:12 Conscription
33:44 Hand Cart
32:55 Elite Varangian Guard
33:13 Capped Ram
34:52 Gothikon
36:59 Onager
39:59 Fortified Wall
u9313317
3:43 Loom
3:50 Loom
7:11 Feudal Age
12:40 Castle Age
11:25 Double-Bit Axe
12:45 Ordonnance Companies
35:49 Imperial Age
33:56 Wheelbarrow
33:07 Town Watch
36:34 Forging
36:25 Scale Mail Armor
37:41 Elite Throwing Axeman
39:47 Chivalry
40:07 Chain Mail Armor
40:27 Iron Casting
43:29 Pikeman
44:10 Squires
忍者龜頭在痛
9:23 Feudal Age
14:09 Castle Age
17:25 Double-Bit Axe
17:38 Gold Mining
27:32 Imperial Age
26:25 Scale Barding Armor
26:26 Caravan
26:14 Loom
29:02 Husbandry
28:23 Cavalier
31:39 Chain Barding Armor
40:36 Paladin
41:58 Plate Barding Armor
41:27 Arson
41:42 Squires
41:03 Pikeman
44:12 Chemistry
43:39 Ballistics
Sherdil
2:12 Loom
7:30 Feudal Age
16:22 Castle Age
16:23 Double-Bit Axe
17:33 Bow Saw
19:02 Wagenburg Tactics
18:47 Horse Collar
20:27 Chemistry
21:01 Padded Archer Armor
29:05 Leather Archer Armor
34:11 Imperial Age
34:27 Wheelbarrow
34:30 Caravan
34:48 Heavy Plow
41:11 Conscription
42:13 Ring Archer Armor
Connection lost

Rejoining the realm…

Still unreachable

The connection could not be restored.

Session expired

The server has moved on; the page needs a fresh start.